AoeStats
← nero

Arabia

509766156Analyzed
1v1 RM · 6d ago on Sep 27, 2026· 31m 31s· 2 players
Game mode
Random Map
Map size
Tiny (2 player)
Population
200
Speed
Normal
Resources
Standard
Victory
Conquest
Starting age
Dark Age
Ending age
Imperial Age
RankedLock teamsTeams togetherTeam positionsShared explorationLock speedFull tech treeHidden civsTurbo modeCheats
Victory
Defeat
🇳🇱 Slavs · Netherlands
1481
+15
🇨🇱 Inca · Chile
1462
-15
nero
5:10 Loom
9:14 Feudal Age
10:00 Double-Bit Axe
18:09 Fletching
18:12 Champi Runner
19:00 Scale Mail Armor
19:28 Horse Collar
19:38 Gold Mining
24:01 Castle Age
22:56 Forging
23:11 Gold Mining
24:05 Arson
24:46 Squires
24:38 Champi Warrior
26:29 Elite Skirmisher
28:49 Padded Archer Armor
29:38 Bodkin Arrow
Mandrake
7:14 Loom
9:30 Feudal Age
9:43 Man-at-Arms
14:32 Double-Bit Axe
14:47 Fletching
15:40 Horse Collar
16:39 Padded Archer Armor
23:39 Castle Age
22:44 Gold Mining
24:41 Bloodlines
24:31 Husbandry
24:46 Bow Saw
25:53 Bodkin Arrow
26:03 Scale Barding Armor
26:43 Ballistics
30:26 Wheelbarrow
Connection lost

Rejoining the realm…

Still unreachable

The connection could not be restored.

Session expired

The server has moved on; the page needs a fresh start.